 Dungeon Crawl Stone Soup version 0.28.0 (webtiles) character file.

Game seed: 4994775016451731192

54028 raph the Impaler (level 14, -3/106 HPs)
             Began as a Merfolk Venom Mage on Feb 10, 2022.
             Was a High Priest of Makhleb.
             Slain by a six-headed hydra (5 damage)
             ... on level 5 of the Lair of Beasts.
             The game lasted 00:57:36 (35960 turns).

raph the Impaler (Merfolk Venom Mage)              Turns: 35960, Time: 00:57:37

Health: -3/106     AC: 13    Str:  8    XL:     14   Next: 71%
Magic:  26/26      EV: 16    Int: 19    God:    Makhleb [*****.]
Gold:   1915       SH:  0    Dex: 15    Spells: 6/29 levels left

rFire   + . .      SeeInvis +   b - +0 trident (flame)
rCold   . . .      Faith    .   (no shield)
rNeg    . . .      Spirit   .   A - +2 steam dragon scales
rPois   +          Reflect  .   O - +0 mask of the Dragon {Will+ Slay+3 SInv}
rElec   +          Harm     .   x - +1 cloak
rCorr   .          Rampage  .   M - +1 pair of gloves
Will    +++..                   N - +0 pair of boots
Stlth   ++++......              (no amulet)
HPRegen 0.27/turn               p - ring of protection from fire
MPRegen 0.20/turn               S - ring of Tur Ruw {rElec rPois Will+ SInv}

@: no status effects
A: (nimble swimmer 2), mertail
a: Renounce Religion, Minor Destruction, Lesser Servant of Makhleb, Major
Destruction, Greater Servant of Makhleb


You were on level 5 of the Lair of Beasts.
You worshipped Makhleb.
Makhleb was extremely pleased with you.
You visited 3 branches of the dungeon, and saw 17 of its levels.
You also visited: Bailey and Volcano.

You collected 2027 gold pieces.
You spent 112 gold pieces at shops.

Inventory:

Hand Weapons
 a - the +6 bardiche of Dishonesty {drain, *Rage rC- rN+ Dex+8}
   (You acquired it on level 7 of the Dungeon)

   A truly terrible weapon, it drains the life of any living foe it strikes.
   Dex:       It affects your dexterity (+8).
   rC:        It makes you vulnerable to cold.
   rN:        It protects you from negative energy.
   *Rage:     It berserks you when you make melee attacks (+20% chance).
 b - a +0 trident of flaming (weapon)
 s - a +0 spear
 z - a +1 glaive of distortion
 K - a +0 glaive of protection
 P - a +0 halberd
Missiles
 m - 5 throwing nets
 q - 21 poisoned darts
Armour
 k - a +1 helmet
 u - a +2 robe of resistance
 x - a +1 cloak (worn)
 y - an orb of wrath
 A - +2 steam dragon scales (worn)
 F - a +0 helmet of see invisible
 M - a +1 pair of gloves (worn)
 N - a +0 pair of boots (worn)
 O - the +0 mask of the Dragon (worn) {Will+ Slay+3 SInv}
   (You found it in a volcano)

   Slay:      It affects your accuracy & damage with ranged weapons and melee
   (+3).
   SInv:      It lets you see invisible.
   Will:      It increases your willpower.
Jewellery
 p - a ring of protection from fire (left hand)
 r - a ring of magical power
 J - a ring of fire
 S - the ring of Tur Ruw (right hand) {rElec rPois Will+ SInv}
   (You acquired it on level 4 of the Lair of Beasts)

   [ring of willpower]

   rElec:     It insulates you from electricity.
   rPois:     It protects you from poison.
   SInv:      It lets you see invisible.
   Will:      It increases your willpower.
 T - a ring of magical power
Wands
 i - a wand of acid (16)
 v - a wand of iceblast (6)
 w - a wand of polymorph (9)
 L - a wand of mindburst (6)
 Q - a wand of digging (9)
Scrolls
 c - 3 scrolls of magic mapping
 g - 5 scrolls of teleportation
 n - 4 scrolls of fear
 o - 6 scrolls of fog
 C - a scroll of blinking
 E - 3 scrolls of enchant weapon
 G - 2 scrolls of identify
 H - 5 scrolls of amnesia
Potions
 d - 3 potions of magic
 e - a potion of heal wounds
 f - 8 potions of curing
 h - 2 potions of flight
 j - a potion of mutation
 l - 2 potions of haste
 t - 3 potions of attraction
 B - a potion of brilliance
 D - 2 potions of lignification
 I - a potion of resistance
 R - 4 potions of ambrosia
 U - 2 potions of berserk rage


   Skills:
 + Level 8.9 Fighting
 * Level 15.6 Polearms
 + Level 4.6 Armour
 + Level 9.1 Dodging
 + Level 7.6 Stealth
 + Level 8.0 Spellcasting
 * Level 8.7 Conjurations
 - Level 4.1 Translocations
 - Level 7.2 Transmutations
 - Level 10.5 Poison Magic
 * Level 6.6 Invocations


You had 6 spell levels left.
You knew the following spells:

 Your Spells              Type           Power      Damage    Failure   Level
a - Sting                 Tmut/Pois      100%       1d8       1%          1
b - Poisonous Vapours     Pois/Air       54%        N/A       1%          2
c - Mephitic Cloud        Conj/Pois/Air  32%        N/A       1%          3
d - Olgreb's Toxic Radia  Pois           47%        N/A       1%          4
e - Blink                 Tloc           46%        N/A       2%          2
f - Dazzling Flash        Conj/Hex       48%        N/A       4%          3
g - Spider Form           Tmut/Pois      41%        N/A       1%          3
h - Alistair's Intoxicat  Tmut/Pois      27%        N/A       7%          5

Your spell library contained the following spells:

 Spells                   Type           Power      Damage    Failure   Level
 Iskenderun's Mystic Bla  Conj/Tloc      32%        2d8       6%          4
 Animate Skeleton         Necr           14%        N/A       9%          1
 Pain                     Necr           28%        1d5       9%          1
 Irradiate                Conj/Tmut      18%        3d20      10%         5
 Sublimation of Blood     Necr           7%         N/A       14%         2
 Petrify                  Tmut/Erth      21%        N/A       21%         4
 Summon Guardian Golem    Hex/Summ       7%         N/A       26%         3
 Vampiric Draining        Necr           7%         2d6       26%         3
 Manifold Assault         Tloc           23%        N/A       43%         5
 Starburst                Conj/Fire      12%        6d5       93%         6
 Orb of Destruction       Conj           20%        9d8       91%         7
 Malign Gateway           Summ/Tloc      7%         N/A       100%        7
 Spellforged Servitor     Conj/Summ      12%        N/A       100%        7
 Storm Form               Tmut/Air       10%        N/A       100%        7
 Summon Horrible Things   Summ           3%         N/A       100%        8


Dungeon Overview and Level Annotations

Branches:
Dungeon (11/15)            Temple (1/1) D:6            Lair (5/6) D:11
  Swamp (0/4) Lair:2       Spider (0/4) Lair:2        Slime (0/5) Lair:5
 Bailey (visited)         Volcano (visited)
    Orc: D:9-12

Altars:
Ashenzari
Cheibriados
Dithmenos
Elyvilon
Fedhas
Gozag
Hepliaklqana
Kikubaaqudgha
Makhleb
Nemelex Xobeh
Okawaru
Qazlal
Ru
Sif Muna
Trog
Uskayaw
Vehumet
Wu Jian
Xom
Yredelemnul
Zin
The Shining One

Shops:
D:10 ?

Annotations:
Lair:4 exclusion: 3 oklob plants


Innate Abilities, Weirdness & Mutations

((You are very nimble when in or above water. (Stealth+, EV+, Speed+++)))
Your lower body shifts to a powerful aquatic tail in water.


Message History

Done exploring.
There is a stone staircase leading down here.
You climb downwards.
The six-headed hydra bites you! x2
The six-headed hydra bites you but does no damage.
The six-headed hydra bites you! The six-headed hydra bites you.
The six-headed hydra closely misses you.
The six-headed hydra bites you!
The six-headed hydra closely misses you.
The six-headed hydra misses you. x2; The six-headed hydra bites you.
The six-headed hydra closely misses you.
There is a stone staircase leading up, spattered with blood here.
A six-headed hydra is nearby!
Your +0 trident of flaming bursts into flame!
b - a +0 trident of flaming (weapon)
A demon appears!
The six-headed hydra bites you. x2
The six-headed hydra misses you. The six-headed hydra bites you. x2
The six-headed hydra bites you but does no damage.
Aiming: Major Destruction (11% risk of failure)
Press: ? - help, Shift-Dir - straight line, f - six-headed hydra
Aim: a six-headed hydra (ally target)
You fail to use your ability.
The six-headed hydra bites you but does no damage. x2
The six-headed hydra misses you. The six-headed hydra bites you.
The six-headed hydra bites you!
* * * LOW HITPOINT WARNING * * *
The six-headed hydra closely misses you.
Your neqoxec hits the six-headed hydra.
Aiming: Major Destruction (11% risk of failure)
Press: ? - help, Shift-Dir - straight line, f/p - six-headed hydra
Aim: a six-headed hydra (lightly wounded, ally target)
You hear a mighty clap of thunder!
The bolt of lightning hits the six-headed hydra!
The six-headed hydra is moderately wounded.
You hear a loud, deep croak!
You hear a bellow!
The six-headed hydra barely misses you. The six-headed hydra bites you!
* * * LOW HITPOINT WARNING * * *
The six-headed hydra barely misses you. The six-headed hydra bites you!
* * * LOW HITPOINT WARNING * * *
The six-headed hydra bites you.
You die...

#.⌠.+.................
#...#..................
.#...#......P...........
....##..####............
...#....#####...........
...#......##.†..........
#......#.......†.....#
##.....÷...##..D......
.###.......#..@.3.....
...####|..####........
......##.## P........
#........# .....####.
##....<.# ...#P..
###....#...# ...#
##.#.#... .... P.......
....# .......


You could see a six-headed hydra (ally target) and a friendly neqoxec
(summoned).

Vanquished Creatures
  Erolcha (D:11)
  2 boulder beetles
  Harold (D:8)
  5 hydras
  A centaur warrior (D:11)
  5 two-headed ogres
  A tengu warrior (D:11)
  A death yak (Lair:4)
  Pikel (D:7)
  An obsidian statue (Volcano)
  2 ugly things (D:11)
  3 cyclopes
  3 manticores
  3 orc sorcerers
  6 elephants
  4 black mambas
  7 cane toads
  A gargoyle (D:10)
  Maggie (D:8)
  3 orange demons (D:11)
  3 komodo dragons
  2 rime drakes (Lair:4)
  A yaktaur (D:11)
  A queen bee (Lair:4)
  A troll (D:10)
  3 meliai
  3 red devils (D:11)
  17 blink frogs
  A slime creature (Lair:5)
  7 dream sheep
  3 shadows
  4 wyverns
  Sigmund (D:6)
  A vampire (D:11)
  2 wraiths
  7 fire bats (Volcano)
  3 basilisks
  28 yaks
  3 steam dragons
  7 vampire mosquitoes
  Menkaure (D:5)
  Duvessa (D:6)
  15 water moccasins
  A hell hound (Volcano)
  2 sky beasts
  15 orc warriors
  4 ice beasts
  6 black bears
  2 ogres (D:5)
  3 necrophages
  11 wolves
  5 centaurs
  4 lemures (D:7)
  A phantom (D:4)
  3 kobold brigands
  A wyvern zombie (D:8)
  11 bullfrogs
  A gnoll sergeant (D:7)
  6 scorpions
  Dowan (D:6)
  50 killer bees
  A water moccasin skeleton (D:5)
  4 wights
  6 howler monkeys
  11 electric eels
  5 centaur zombies
  6 lava snakes (Volcano)
  3 jellies (Lair:5)
  5 orc priests
  4 hounds
  A bullfrog skeleton (D:5)
  Ijyb (D:5)
  A centaur skeleton (D:4)
  A gnoll shaman (D:8)
  An iguana (D:3)
  7 orc wizards
  A scorpion zombie (D:5)
  A hell rat (Lair:4)
  A killer bee zombie (D:7)
  Robin (D:3)
  11 gnolls
  A howler monkey skeleton (D:7)
  6 adders
  A shadow imp (D:6)
  2 white imps
  An ufetubus (D:6)
  A worm (D:3)
  31 orcs
  8 endoplasms
  5 giant cockroaches
  18 goblins
  15 hobgoblins
  8 jackals
  16 kobolds
  5 quokkas
  10 ball pythons
  6 bats
  5 frilled lizards
  6 rats
511 creatures vanquished.

Vanquished Creatures (collateral kills)
  2 hydras
  A sun demon (Volcano)
  An orange demon (D:11)
  A red devil (Volcano)
  A meliai (Lair:4)
  A yak (Lair:2)
  A wolf (Lair:3)
  4 killer bees (Lair:4)
  An orc (D:7)
13 creatures vanquished.

Vanquished Creatures (others)
  A bush (Lair:3)
  46 fungi
  71 plants
  5 withered plants (D:3)
123 creatures vanquished.

Grand Total: 647 creatures vanquished

Notes
Turn   | Place    | Note
-------+----------+-------------------------------------------
     0 | D:1      | raph the Merfolk Venom Mage began the quest for the Orb.
     0 | D:1      | Reached XP level 1. HP: 13/13 MP: 3/3
   246 | D:1      | Reached XP level 2. HP: 17/19 MP: 1/5
  1274 | D:1      | Reached XP level 3. HP: 21/24 MP: 0/6
  1323 | D:1      | Learned a level 2 spell: Poisonous Vapours
  1327 | D:1      | Learned a level 3 spell: Mephitic Cloud
  2768 | D:2      | Reached XP level 4. HP: 30/30 MP: 4/7
  4572 | D:3      | Reached skill level 5 in Poison Magic
  4700 | D:3      | Noticed Robin
  4708 | D:3      | Reached XP level 5. HP: 35/35 MP: 1/8
  4973 | D:3      | Killed Robin
  5139 | D:3      | Found a faded altar of an unknown god.
  5701 | D:4      | Reached XP level 6. HP: 41/41 MP: 6/9
  6516 | D:4      | Noticed an ice beast
  6529 | D:5      | Entered Level 5 of the Dungeon
  7089 | D:5      | Reached XP level 7. HP: 27/46 MP: 10/10
  7490 | D:5      | Learned a level 4 spell: Olgreb's Toxic Radiance
  7606 | D:5      | Reached skill level 1 in Fighting
  8391 | D:5      | Learned a level 2 spell: Blink
  8439 | D:5      | Reached skill level 1 in Polearms
  8439 | D:5      | Reached XP level 8. HP: 56/56 MP: 8/12
  8660 | D:5      | Noticed Ijyb
  8672 | D:5      | Killed Ijyb
  8673 | D:5      | Reached skill level 2 in Polearms
  8939 | D:5      | Noticed Menkaure
  8950 | D:5      | Killed Menkaure
  8951 | D:5      | Reached skill level 3 in Polearms
  8951 | D:5      | Reached skill level 1 in Translocations
  9435 | D:6      | Noticed Duvessa
  9435 | D:6      | Noticed Dowan
  9447 | D:6      | Killed Dowan
  9757 | D:6      | Reached skill level 4 in Polearms
  9776 | D:6      | Noticed Sigmund
  9782 | D:6      | Killed Sigmund
  9912 | D:6      | Reached skill level 5 in Polearms
  9925 | D:6      | Killed Duvessa
 10179 | D:6      | Found a staircase to the Ecumenical Temple.
 10189 | D:6      | Reached XP level 9. HP: 58/65 MP: 15/15
 10194 | Temple   | Entered the Ecumenical Temple
 10453 | Temple   | Became a worshipper of Makhleb the Destroyer
 10545 | D:6      | Learned a level 4 spell: Iskenderun's Mystic Blast
 10614 | D:6      | Reached skill level 6 in Polearms
 10943 | D:6      | Reached skill level 1 in Conjurations
 12405 | D:7      | Reached skill level 7 in Polearms
 12562 | D:7      | Learned a level 3 spell: Dazzling Flash
 12562 | D:7      | Identified a scroll of acquirement
 12562 | D:7      | Acquired the +6 bardiche of Dishonesty {drain, *Rage rC-
                  | rN+ Dex+8}
 13211 | D:7      | Found a hazy altar of Hepliaklqana.
 13620 | D:7      | Identified the +2 hunting sling "Cosiana" {vorpal, rN+}
 13636 | D:7      | Reached * piety under Makhleb
 13637 | D:7      | Reached skill level 8 in Polearms
 14044 | D:7      | Noticed Pikel
 14058 | D:7      | Killed Pikel
 14059 | D:7      | Reached skill level 5 in Fighting
 14059 | D:7      | Reached skill level 5 in Spellcasting
 14059 | D:7      | Reached skill level 10 in Poison Magic
 14059 | D:7      | Reached XP level 10. HP: 55/74 MP: 12/17
 14978 | D:8      | Noticed Harold
 15679 | D:8      | Killed Harold
 15680 | D:8      | Reached skill level 9 in Polearms
 15943 | D:8      | Noticed Maggie
 15953 | D:8      | Killed Maggie
 16867 | D:8      | Reached skill level 10 in Polearms
 17035 | D:9      | Noticed a two-headed ogre
 17571 | D:9      | Found a stormy altar of Qazlal.
 17728 | D:9      | Killed a two-headed ogre
 17729 | D:9      | Reached skill level 1 in Armour
 17729 | D:9      | Reached XP level 11. HP: 72/81 MP: 15/19
 18042 | D:9      | Found a hide-covered altar of Uskayaw.
 18042 | D:9      | Noticed a cyclops
 18042 | D:9      | Noticed a cyclops
 18311 | D:9      | Killed a cyclops
 18362 | D:9      | Killed a cyclops
 18363 | D:9      | Reached skill level 5 in Conjurations
 18650 | D:9      | Found a sparkling altar of Nemelex Xobeh.
 19119 | D:9      | Found a glowing silver altar of Zin.
 19371 | D:10     | Entered Level 10 of the Dungeon
 19371 | D:10     | Found Amuhirhe's Magic Scroll Boutique.
 19374 | D:10     | Bought a scroll of identify for 28 gold pieces
 19374 | D:10     | Bought a scroll of teleportation for 42 gold pieces
 19374 | D:10     | Bought a scroll of teleportation for 42 gold pieces
 19438 | D:10     | Reached ** piety under Makhleb
 19543 | D:10     | Reached skill level 11 in Polearms
 19721 | D:10     | Found a flagged portal.
 19730 | Bailey   | Entered a bailey
 20167 | Bailey   | Reached skill level 1 in Invocations
 20237 | Bailey   | Reached skill level 5 in Dodging
 20661 | Bailey   | Noticed an orc sorcerer
 20666 | Bailey   | Killed an orc sorcerer
 20921 | Bailey   | Found an iron altar of Okawaru.
 20922 | Bailey   | Noticed an orc sorcerer
 20931 | Bailey   | Killed an orc sorcerer
 21434 | D:10     | Acquired the Compendium of the Toxic Birds
 21440 | D:10     | Learned a level 3 spell: Spider Form
 21440 | D:10     | Acquired 855 gold pieces
 21744 | D:10     | Reached *** piety under Makhleb
 22778 | D:11     | Reached XP level 12. HP: 89/89 MP: 21/21
 22875 | D:11     | Noticed a two-headed ogre
 22884 | D:11     | Killed a two-headed ogre
 22885 | D:11     | Reached skill level 12 in Polearms
 23485 | D:11     | Noticed a boulder beetle
 23497 | D:11     | Killed a boulder beetle
 23529 | D:11     | Noticed a centaur warrior
 23539 | D:11     | Killed a centaur warrior
 23594 | D:11     | Noticed a two-headed ogre
 23650 | D:11     | Noticed Erolcha
 23658 | D:11     | Killed Erolcha
 23659 | D:11     | Reached skill level 5 in Stealth
 23707 | D:11     | Killed a two-headed ogre
 23970 | D:11     | Reached skill level 13 in Polearms
 24009 | D:11     | Noticed a tengu warrior
 24023 | D:11     | Killed a tengu warrior
 24023 | D:11     | Reached **** piety under Makhleb
 24122 | D:11     | Reached skill level 5 in Transmutations
 24324 | D:11     | Noticed a two-headed ogre
 24324 | D:11     | Noticed a two-headed ogre
 24335 | D:11     | Killed a two-headed ogre
 24338 | D:11     | Killed a two-headed ogre
 24650 | D:11     | Reached XP level 13. HP: 80/96 MP: 23/23
 24790 | D:11     | Found a staircase to the Lair.
 24973 | Lair:1   | Entered Level 1 of the Lair of Beasts
 25298 | Lair:1   | Found a dark tunnel.
 25307 | Volcano  | Entered a volcano
 25534 | Volcano  | Learned a level 5 spell: Alistair's Intoxication
 25560 | Volcano  | Found the +0 mask of the Dragon {Will+ Slay+3 SInv}
 25565 | Volcano  | Found a burning altar of Makhleb.
 28127 | Lair:2   | Reached skill level 14 in Polearms
 28334 | Lair:2   | Found a staircase to the Swamp.
 28654 | Lair:2   | Found a hole to the Spider Nest.
 28814 | Lair:2   | Reached skill level 5 in Invocations
 31146 | Lair:3   | Reached XP level 14. HP: 105/106 MP: 25/25
 31148 | Lair:3   | Reached ***** piety under Makhleb
 32721 | Lair:4   | Reached skill level 15 in Polearms
 34460 | Lair:4   | Acquired the ring of Tur Ruw {rElec rPois Will+ SInv}
 35527 | Lair:5   | Found a staircase to the Slime Pits.
 35960 | Lair:5   | HP: 2/106 [six-headed hydra (8)]
 35960 | Lair:5   | Slain by a six-headed hydra

Illustrated notes

Levels and vault maps discovered:
D:1:      wander_arrival_peaceful_grave, layout_loops_corners,
          serial_bayou_crossing
D:2:      layout_basic, serial_bayou_ford_a, minmay_misc_feat_roman
D:3:      layout_basic, ebering_ecumenical_altar_petrified, uniq_robin
D:4:      layout_basic, serial_curves, eino_curves_04, eino_curves_03,
          kennysheep_cross_bottleneck
D:5:      black_bear_nest_1, layout_loops_corners, minmay_misc_feat_room,
          uniq_ijyb, uniq_menkaure
D:6:      minmay_chambers_of_fours, layout_loops_ring,
          minmay_temple_entry_drinking_statues, uniq_sigmund, uniq_duvessa
D:7:      mumra_celtic_spiral_tile, layout_basic,
          nicolae_overflow_crystal_walls, uniq_pikel
D:8:      layout_rooms, grunt_ministairs_11, nicolae_fountain_basement,
          uniq_harold, uniq_maggie
D:9:      layout_basic, mainiacjoe_overflow_catwalk, kennysheep_mini_moat,
          nemelex_diamond_rough_becter, hangedman_decor_opposing,
          kennysheep_donut, ebering_dispersal_statue_hall, minmay_ruined_shrine
D:10:     layout_long_grid, serial_shops, nicolae_stop_n_shop_2, enter_bailey_1,
          corexii_corridor_pit
D:11:     minmay_slanted_spiral_squares, layout_grid_maze,
          grunt_lair_entry_orc_guard_hut, minmay_beelzebubs_servants,
          uniq_erolcha
Temple:   regret_index_temple_mists
Lair:1:   layout_regular_city, lightli_volcano_entry_magma_tube,
          grunt_megastairs_1, lemuel_fruit_fields
Lair:2:   layout_loops_ring, minmay_swamp_entry_eels,
          hellmonk_spider_entry_not_the_bees, st_stairs_4
Lair:3:   layout_cellular_growth, serial_bayou_lagoon_b
Lair:4:   hangedman_what_comes_after_a, layout_loops_ring
Lair:5:   layout_layer_cave, minmay_slime_entry_pillars, grunt_megastairs_4

Skill      XL: |  1  2  3  4  5  6  7  8  9 10 11 12 13 14 |
---------------+-------------------------------------------+-----
Dodging        | 3 4 5 7 8 9 |  9.1
Poison Magic   | 4 5 6 7 8 9 10 | 10.5
Fighting       | 2 3 5 6 7 8 |  8.9
Spellcasting   | 3 4 5 6 7 8 |  8.0
Polearms       | 1 5 8 10 11 13 14 15 | 15.6
Translocations | 2 3 4 |  4.1
Conjurations   | 3 4 5 6 7 8 |  8.7
Armour         | 1 2 3 4 |  4.6
Stealth        | 4 5 6 7 |  7.6
Transmutations | 3 5 6 7 |  7.2
Invocations    | 2 4 5 6 |  6.6

Action                   |  1- 3 |  4- 6 |  7- 9 | 10-12 | 13-15 || total
-------------------------+-------+-------+-------+-------+-------++-------
Melee: Short sword       |    44 |    27 |       |       |       ||    71
       Punch             |       |     1 |     1 |       |     1 ||     3
       Spear             |       |    30 |   100 |       |     6 ||   136
       Halberd           |       |       |   157 |       |       ||   157
       Bardiche          |       |       |    48 |   319 |   391 ||   758
       Tailslap          |       |       |       |     2 |     2 ||     4
       Trident           |       |       |       |       |    30 ||    30
 Cast: Sting             |    50 |    63 |    54 |     2 |    10 ||   179
       Poisonous Vapours |    13 |    44 |    40 |    24 |     3 ||   124
       Mephitic Cloud    |       |     2 |    17 |    29 |    10 ||    58
       Olgreb's Toxic Ra |       |       |    19 |    51 |    42 ||   112
       Dazzling Flash    |       |       |       |     2 |       ||     2
       Blink             |       |       |       |       |     3 ||     3
Invok: Lesser Servant of |       |       |       |     1 |    11 ||    12
       Major Destruction |       |       |       |       |     2 ||     2
Evoke: Wand              |       |       |       |     1 |       ||     1
  Use: Scroll            |     4 |     5 |    11 |    10 |     8 ||    38
       Potion            |       |       |     3 |     1 |     3 ||     7
 Stab: Confused          |       |     1 |     6 |    10 |     5 ||    22
       Sleeping          |       |       |     3 |     7 |    12 ||    22
       Distracted        |       |       |       |     3 |     8 ||    11
Armor: Robe              |     9 |     6 |    33 |     6 |       ||    54
       Animal skin       |       |    24 |    28 |       |       ||    52
       Steam dragon scal |       |       |       |   101 |   174 ||   275
Dodge: Dodged            |    53 |    59 |   174 |   264 |   565 ||  1115
